 Dungeon Crawl Stone Soup version 0.30-a0-118-ga018f8e90f (webtiles) character file.

Game seed: 5899032993998258619

3002 Newt the Slasher (level 9, -9/69 HPs)
             Began as a Demonspawn Gladiator on Sept 13, 2022.
             Was a Believer of Uskayaw.
             Mangled by a shadow (31 damage)
             ... on level 9 of the Dungeon.
             The game lasted 00:07:21 (5381 turns).

Newt the Slasher (Demonspawn Gladiator)             Turns: 5381, Time: 00:07:22

Health: -9/69      AC:  8    Str: 19    XL:     9   Next: 54%
Magic:  9/9        EV: 15    Int:  9    God:    Uskayaw [**....]
Gold:   218        SH:  0    Dex: 21    Spells: 8/8 levels left

rFire   + . .      SeeInvis .    q - +2 long sword (venom)
rCold   . . .      Faith    .    (no shield)
rNeg    . . .      Spirit   .    b - +0 leather armour
rPois   .          Reflect  .    o - +2 helmet
rElec   .          Harm     .    (no cloak)
rCorr   .          Rampage  .    (no gloves)
Will    .....                    (no boots)
Stlth   ++........               v - amulet of regeneration
HPRegen 1.01/turn                l - ring of protection from fire
MPRegen 0.11/turn                s - +6 ring of dexterity

@: no status effects
A: hooves 2, yellow scales 1, demonic guardian 1, powered by death 2,
augmentation 1
a: Renounce Religion, Stomp, Line Pass


You were on level 9 of the Dungeon.
You worshipped Uskayaw.
Uskayaw was noncommittal.
You visited 1 branch of the dungeon, and saw 7 of its levels.

You collected 368 gold pieces.
You spent 150 gold pieces at shops.

Inventory:

Hand Weapons
 a - a +0 rapier
 k - a +3 vampiric dagger
 n - a +3 mace of protection
 q - a +2 long sword of venom (weapon)
Missiles
 C - a throwing net (quivered)
 D - a javelin
Armour
 b - a +0 leather armour (worn)
 c - a +0 helmet
 o - a +2 helmet (worn)
Jewellery
 l - a ring of protection from fire (left hand)
 s - a +6 ring of dexterity (right hand)
 t - a ring of protection from fire
 v - an amulet of regeneration (around neck)
 E - an amulet of guardian spirit
 F - a ring of see invisible
Wands
 x - a wand of paralysis (1)
 y - a wand of roots (2)
 G - a wand of flame (4)
Scrolls
 g - a scroll of fear
 h - a scroll of amnesia
 i - 6 scrolls of teleportation
 r - 2 scrolls of enchant armour
 w - a scroll of blinking {unknown}
 A - a scroll of enchant weapon
Potions
 d - a potion of lignification {unknown}
 e - a potion of degeneration {unknown}
 f - a potion of mutation {unknown}
 j - 4 potions of curing
 m - a potion of brilliance {unknown}
 p - 2 potions of haste {unknown}
 u - a potion of cancellation {unknown}
 z - a potion of heal wounds {unknown}
 B - a potion of might


   Skills:
 - Level 6.0 Fighting
 - Level 6.0(7.5) Short Blades
 - Level 6.9(8.0) Long Blades
 - Level 1.7 Throwing
 - Level 5.0 Dodging
 - Level 2.0 Stealth
 + Level 4.9 Evocations


You had 8 spell levels left.
You didn't know any spells.
Your spell library contained the following spells:

 Spells                   Type           Power      Damage    Failure   Level
 Sandblast                Erth           0%         2d4       43%         1
 Passwall                 Tmut/Erth      0%         N/A       58%         2
 Sublimation of Blood     Necr           0%         N/A       58%         2
 Ignite Poison            Fire/Tmut/Pois 0%         N/A       82%         3
 Stone Arrow              Conj/Erth      0%         3d7       82%         3
 Summon Guardian Golem    Hex/Summ       0%         N/A       82%         3
 Hailstorm                Conj/Ice       0%         3d3       99%         4
 Ice Form                 Ice/Tmut       0%         N/A       99%         4
 Petrify                  Tmut/Erth      0%         N/A       99%         4
 Sticky Flame             Conj/Fire      0%         2d3       99%         4
 Irradiate                Conj/Tmut      0%         3d11      100%        5
 Simulacrum               Ice/Necr       0%         N/A       100%        6
 Orb of Destruction       Conj           0%         9d5       100%        7
 Spellforged Servitor     Conj/Summ      0%         N/A       100%        7


Dungeon Overview and Level Annotations

Branches:
Dungeon (6/15)             Temple (0/1) D:5

Altars:
Cheibriados
Hepliaklqana
Kikubaaqudgha
Nemelex Xobeh
Trog
Uskayaw
Vehumet

Shops:
D:1 (   D:4 *


Innate Abilities, Weirdness & Mutations

You have hoof-like feet.
You are partially covered in yellow scales. (AC +2)
A weak demonic guardian rushes to your aid.
You regenerate health from kills.
Your magical and physical power is slightly enhanced at high health.


Message History

i - 6 scrolls of teleportation (gained 1)
Found a robe.
Found a stone staircase leading up.
A shadow comes into view.
The shadow slips into darkness.
The shadow flickers and vanishes!
Deactivating autopickup; reactivate with Ctrl-A.
No target in view!
There is a strange disturbance nearby!
Unknown command.
You hit something but do no damage.
The shadow strikes at you from the darkness!
Reactivating autopickup.
You barely miss the shadow. You kick the shadow.
The shadow is lightly damaged.
The shadow barely misses you.
You slash the shadow!
The shadow is heavily damaged.
The shadow closely misses you.
You closely miss the shadow.
The shadow is heavily damaged.
The shadow slips into darkness.
The shadow flickers and vanishes!
Deactivating autopickup; reactivate with Ctrl-A.
You closely miss something. You kick something.
The shadow strikes at you from the darkness!
A demonic guardian appears!
Reactivating autopickup.
You hit the shadow.
The shadow is severely damaged.
The shadow hits you.
* * * LOW HITPOINT WARNING * * *
You can now pass through a line of other dancers.
Unknown command.
The shadow slips into darkness.
The shadow flickers and vanishes!
Deactivating autopickup; reactivate with Ctrl-A.
Unknown command.
The shadow strikes at you from the darkness!
You die...

### #.# #.####.#
#.....{##### ##
####.@#...# .
##...5.#...#
....[.......# #
............# #
..<.....#...############
........#>..............
.............##...######
..###........##...# ####
.. ≈...#.....##...# #...


You could see a friendly iron imp (summoned).

Vanquished Creatures
  Grinder (D:3)
  2 hornets
  Sigmund (D:2)
  2 water moccasins
  An orc warrior (D:9)
  4 ice beasts
  2 black bears
  3 ogres (D:3)
  The ghost of lampshaded the Conjurer, an amateur DEFE (D:3)
  A bullfrog (D:6)
  A scorpion (D:6)
  6 killer bees (D:9)
  A howler monkey (D:6)
  A hound (D:4)
  3 jellies
  4 orc priests (D:9)
  Ijyb (D:5)
  4 iguanas
  3 orc wizards
  Robin (D:3)
  4 adders
  3 ufetubi
  2 dart slugs
  20 orcs
  9 endoplasms
  2 giant cockroaches
  12 hobgoblins
  2 jackals (D:1)
  3 quokkas
  3 ball pythons
  A bat (D:3)
  A frilled lizard (D:3)
  17 goblins
  5 kobolds
  3 rats
130 creatures vanquished.

Vanquished Creatures (collateral kills)
  A kobold (D:4)
1 creature vanquished.

Vanquished Creatures (others)
  An orc wizard (D:9)
1 creature vanquished.

Grand Total: 132 creatures vanquished

Notes
Turn   | Place    | Note
-------+----------+-------------------------------------------
     0 | D:1      | Newt the Demonspawn Gladiator began the quest for the Orb.
     0 | D:1      | Reached XP level 1. HP: 16/16 MP: 1/1
   107 | D:1      | Reached skill level 1 in Stealth
   396 | D:1      | Gained mutation: You have large cloven feet. [demonic
                  | ancestry]
   396 | D:1      | Reached XP level 2. HP: 17/22 MP: 2/2
   747 | D:1      | Found Eseaw's Weapon Shop.
  1009 | D:2      | Noticed Sigmund
  1024 | D:2      | Killed Sigmund
  1025 | D:2      | Gained mutation: You regenerate a little health from kills.
                  | [demonic ancestry]
  1025 | D:2      | Reached XP level 3. HP: 14/30 MP: 3/3
  1025 | D:2      | Gained mutation: You regenerate health from kills. [demonic
                  | ancestry]
  1025 | D:2      | Reached XP level 4. HP: 18/37 MP: 4/4
  1025 | D:2      | Gained mutation: You are partially covered in yellow
                  | scales. (AC +2) [demonic ancestry]
  1025 | D:2      | Reached XP level 5. HP: 20/42 MP: 5/5
  1434 | D:2      | Found a faded altar of an unknown god.
  1492 | D:2      | Prayed at the altar of an unknown god.
  1492 | D:2      | Became a worshipper of Uskayaw the Reveller
  1492 | D:2      | Reached * piety under Uskayaw
  1693 | D:3      | Found a radiant altar of Vehumet.
  1696 | D:3      | Noticed Robin
  1710 | D:3      | Reached ** piety under Uskayaw
  1718 | D:3      | Killed Robin
  1729 | D:3      | Reached *** piety under Uskayaw
  2279 | D:3      | Noticed Grinder
  2294 | D:3      | Killed Grinder
  2295 | D:3      | Reached skill level 5 in Short Blades
  2295 | D:3      | Gained mutation: You have hoof-like feet. [demonic
                  | ancestry]
  2295 | D:3      | Reached XP level 6. HP: 16/48 MP: 6/6
  2503 | D:3      | Found a transporter.
  2509 | D:3      | Found a transporter.
  2510 | D:3      | Noticed lampshaded's ghost (amateur DEFE)
  2513 | D:3      | Identified the +5 giant club "Xatsenud" {flame, *Rage rF+
                  | Dex+4}
  2633 | D:3      | Gained mutation: A weak demonic guardian rushes to your
                  | aid. [demonic ancestry]
  2633 | D:3      | Reached XP level 7. HP: 42/54 MP: 7/7
  2657 | D:3      | Killed lampshaded's ghost
  2661 | D:3      | Reached **** piety under Uskayaw
  2668 | D:3      | Reached ***** piety under Uskayaw
  2983 | D:4      | Reached skill level 5 in Dodging
  3558 | D:4      | Reached skill level 5 in Fighting
  3558 | D:4      | Gained mutation: Your magical and physical power is
                  | slightly enhanced at high health. [demonic ancestry]
  3558 | D:4      | Reached XP level 8. HP: 50/62 MP: 8/8
  3623 | D:4      | Found Tereror's CLEARANCE SALE!.
  3631 | D:4      | Bought an amulet of regeneration for 150 gold pieces
  3690 | D:5      | Entered Level 5 of the Dungeon
  3754 | D:5      | Found a staircase to the Ecumenical Temple.
  3886 | D:5      | Noticed Ijyb
  3894 | D:5      | Killed Ijyb
  4037 | D:5      | Found a sparkling altar of Nemelex Xobeh.
  4038 | D:5      | Found an ancient bone altar of Kikubaaqudgha.
  4189 | D:5      | Found a hazy altar of Hepliaklqana.
  4189 | D:5      | Found a snail-covered altar of Cheibriados.
  4191 | D:5      | Found a bloodstained altar of Trog.
  4612 | D:6      | Reached skill level 5 in Long Blades
  4764 | D:6      | Noticed a hornet
  4770 | D:6      | Reached XP level 9. HP: 55/69 MP: 9/9
  4770 | D:6      | Paralysed by a hornet for 2 turns
  4773 | D:6      | HP: 1/69 [poisoned by a hornet]
  5112 | D:6      | You fall into a shaft and drop 3 floors!
  5189 | D:9      | Paralysed by a hornet for 2 turns
  5381 | D:9      | Mangled by a shadow

Illustrated notes

Levels and vault maps discovered:
D:1:      eino_arrival_cavern_e, layout_rooms, serial_shops,
          nicolae_shop_statue_plus
D:2:      layout_rooms, hellmonk_ecumenical_altar_heavens_door,
          grunt_ministairs_2, nicolae_underground_beach, uniq_sigmund
D:3:      layout_loops_cross, nicolae_overflow_crystal_walls,
          gammafunk_ghost_smash, minmay_between, uniq_grinder, uniq_robin
D:4:      layout_rooms, nicolae_tso_swordbearing_angel,
          minmay_tree_intersection, nicolae_shop_clearance
D:5:      layout_basic, chequers_temple_overflow_statue_of_worship,
          nicolae_overflow_hidden_temple, minmay_temple_entry_fiery, uniq_ijyb
D:6:      layout_basic
D:9:      layout_basic, nzn_wu_jian_council_hall, dpeg_oklobed_lair,
          palyth_stone_intersect, uniq_erica, uniq_erolcha

Skill      XL: |  1  2  3  4  5  6  7  8  9 |
---------------+----------------------------+-----
Stealth        | 1 2 |  2.0
Fighting       | 4 5 6 |  6.0
Short Blades   | 4 5 6 |  6.0
Dodging        | 3 5 |  5.0
Long Blades    | 6 |  6.9
Evocations     | 4 |  4.9
Throwing       | |  1.7

Action                   |  1- 3 |  4- 6 |  7- 9 || total
-------------------------+-------+-------+-------++-------
Melee: Rapier            |    41 |       |       ||    41
       Dagger            |    31 |    92 |    50 ||   173
       Kick              |     9 |    26 |    67 ||   102
       Punch             |       |     2 |     7 ||     9
       Long sword        |       |       |   173 ||   173
Throw: Throwing net      |     1 |     3 |     3 ||     7
       Javelin           |       |       |     1 ||     1
Invok: Stomp             |       |       |     1 ||     1
  Use: Scroll            |     3 |     6 |     3 ||    12
       Potion            |       |       |     1 ||     1
 Stab: Sleeping          |     5 |     3 |     3 ||    11
       Held in net/web   |       |     4 |     1 ||     5
       Paralysed         |       |     3 |     5 ||     8
       Distracted        |       |       |     1 ||     1
Armor: Leather armour    |    13 |    31 |    64 ||   108
Dodge: Dodged            |    43 |    51 |   162 ||   256

Table legend: (Time is in decaauts)
 A = Elapsed time spent in this place.
 B = Non-inter-level travel time spent in this place.
 C = Inter-level travel time spent in this place.
 D = Time resting spent in this place.
 E = Time spent auto-exploring this place.
 F = Levels seen in this place.
 G = Mean time per level.
                   A        B        C        D        E       F      G
               +--------+--------+--------+--------+--------+-----+--------+
         Total |   5365 |   5216 |    149 |    923 |   3391 |   7 |  766.4 |
       Dungeon |   5365 |   5216 |    149 |    923 |   3391 |   7 |  766.4 |
               +--------+--------+--------+--------+--------+-----+--------+

Top non-repeatable levels by time:
     D:3: 1215 daAuts
     D:1: 920 daAuts
     D:5: 877 daAuts
     D:2: 762 daAuts
     D:4: 757 daAuts
     D:6: 563 daAuts
     D:9: 268 daAuts
